 Dungeon Crawl Stone Soup version 0.26.0-20-g3ca415f5b8 (webtiles) character file.

Game seed: 8542801632303538750

169 sipior the Firebug (level 5, -7/41 HPs)
             Began as a Draconian Fire Elementalist on Jan 24, 2021.
             Killed by divine providence
             ... invoked by an orc priest
              (12 damage)
             ... on level 3 of the Dungeon.
             The game lasted 00:12:00 (4161 turns).

sipior the Firebug (Draconian Fire Elementalist)    Turns: 4161, Time: 00:12:00

Health: -7/41      AC:  5    Str: 11    XL:     5   Next: 25%
Magic:  3/9        EV: 12    Int: 16    God:
Gold:   50         SH:  0    Dex: 11    Spells: 2/9 levels left

rFire    . . .     SeeInvis .   a - -1 dagger (curse)
rCold    . . .     Faith    .   (no shield)
rNeg     . . .     Spirit   .   (armour unavailable)
rPois    .         Reflect  .   (helmet restricted)
rElec    .         Harm     .   n - scarf {+Inv}
rCorr    .         Rampage  .   (no gloves)
Will     .....     Rnd*Tele +   (no boots)
Stlth    ++........             (no amulet)
HPRegen  0.13/turn              i - ring of teleportation (curse)
MPRegen  0.11/turn              (no ring)

@: no status effects
A: unfitting armour, cold-blooded, AC +5
a: Evoke Invisibility


You were on level 3 of the Dungeon.
You visited 1 branch of the dungeon, and saw 3 of its levels.

You collected 50 gold pieces.

Inventory:

Hand Weapons
 a - a cursed -1 dagger (weapon)
 o - a +0 short sword of draining
Missiles
 e - 10 poisoned darts
Armour
 h - a cursed +1 kite shield
 n - a scarf of invisibility (worn)
Jewellery
 i - a cursed ring of teleportation (left hand)
Wands
 g - a wand of flame (17)
Scrolls
 c - a scroll of enchant armour
 d - 2 scrolls of amnesia
 l - a scroll of magic mapping
Potions
 b - 3 potions of curing
 f - a potion of flight
 j - a potion of ambrosia
 k - a potion of attraction
 m - a potion of lignification {unknown}
 q - a potion of magic {unknown}


   Skills:
 + Level 2.1 Fighting
 - Level 2.2 Dodging
 - Level 2.0 Stealth
 + Level 1.2 Shields
 + Level 2.8 Spellcasting
 + Level 2.4 Conjurations
 + Level 3.7 Fire Magic


You had 2 spell levels left.
You knew the following spells:

 Your Spells              Type           Power        Failure   Level
a - Foxfire               Conj/Fire      48%          5%          1
b - Conjure Flame         Conj/Fire      12%          16%         3
c - Inner Flame           Hex/Fire       8%           26%         3

Your spell library contained the following spells:

 Spells                   Type           Power        Failure   Level
 Sticky Flame             Conj/Fire      12%          47%         4
 Fireball                 Conj/Fire      6%           83%         5


Dungeon Overview and Level Annotations

Branches:
Dungeon (3/15)

Altars:


Innate Abilities, Weirdness & Mutations

Your plain brown scales are hard. (AC +5)
You cannot fit into any form of body armour.
You are cold-blooded and may be slowed by cold attacks.


Message History

An orc comes into view. It is wielding a +0 club.
The foxfire hits the orc priest.
The orc priest is almost dead.
The foxfire hits the orc priest but does no damage.
The orc priest is almost dead.
The orc priest calls down the wrath of Beogh upon you.
Pain shoots through your body!
Casting: Foxfire (safe; 5% risk of failure)
Confirm with . or Enter, or press ? or * to list all spells.
You conjure some foxfire!
The foxfire hits the orc priest but does no damage.
The orc priest is almost dead.
The foxfire hits the orc priest but does no damage.
The orc priest is almost dead.
The orc priest invokes the aid of Beogh against you.
Beogh smites you!
* * * LOW HITPOINT WARNING * * *
The orc priest mumbles some strange prayers to Beogh against you.
Beogh smites you!
You die...

#......#
#......#
#......#
#...o..#
#....oo#
###....# ..
#ยงยง..#
....#####.###
........#@#
#####.#.#
#.......#
#.###.###
#.#<#.#
#.#.#.#
#...#.#
#####.# ..#


You could see an orc priest and 2 orcs.

Vanquished Creatures
  A hound skeleton (D:2)
  Robin (D:2)
  3 gnolls
  2 adders (D:2)
  An ooze (D:2)
  An adder zombie (D:2)
  3 worms (D:2)
  A dart slug (D:1)
  2 leopard geckos
  An orc (D:3)
  9 bats
  3 bat skeletons (D:2)
  A bat zombie (D:2)
  A giant cockroach (D:3)
  13 goblins
  7 hobgoblins
  2 jackals (D:2)
  2 quokkas
  A ball python (D:1)
  A ball python zombie (D:2)
  7 frilled lizards
  8 kobolds
  A leopard gecko skeleton (D:2)
  3 leopard gecko zombies (D:2)
  6 rats
81 creatures vanquished.

Vanquished Creatures (others)
  229 foxfires
  23 plants (D:2)
  2 withered plants (D:2)
254 creatures vanquished.

Grand Total: 335 creatures vanquished

Notes
Turn   | Place    | Note
-------+----------+-------------------------------------------
     0 | D:1      | sipior the Draconian Fire Elementalist began the quest for
                  | the Orb.
     0 | D:1      | Reached XP level 1. HP: 14/14 MP: 3/3
   529 | D:1      | Reached XP level 2. HP: 20/20 MP: 1/5
  1434 | D:2      | Reached XP level 3. HP: 27/27 MP: 1/6
  1508 | D:2      | Reached skill level 1 in Fighting
  1920 | D:1      | Reached XP level 4. HP: 14/35 MP: 2/7
  2146 | D:2      | Noticed Robin
  3042 | D:2      | Killed Robin
  3118 | D:2      | Reached skill level 1 in Shields
  3460 | D:2      | Learned a level 3 spell: Conjure Flame
  3464 | D:2      | Learned a level 3 spell: Inner Flame
  3593 | D:2      | Reached XP level 5. HP: 41/41 MP: 5/9
  4161 | D:3      | Killed from afar by an orc priest

Illustrated notes

Levels and vault maps discovered:
D:1:      dpeg_arrival_round_c, layout_basic, serial_co_window_serial,
          co_window_paths_a, co_window_paths_a, co_window_corner_a,
          co_window_paths_a, co_window_corner_a, co_window_cross_4,
          co_window_2corner, co_window_unsneaky_path_b, co_window_4corner_a,
          co_window_paths_e, glass_columns_a, glass_columns_a, st_stairs_12,
          chequers_jeans, minmay_lizard_pond
D:2:      cheibrodos_old_hovel, layout_loops_cross, serial_undead,
          serial_undead_a, serial_undead_f, serial_undead_d, serial_undead_e,
          serial_undead_b, serial_undead_e, serial_undead_a, serial_undead_a,
          serial_undead_a, serial_undead_a, dk_noncrumbling_4,
          chequers_big_river, uniq_robin
D:3:      layout_basic, makhleb_blood_cavern_becter

Skill      XL: |  1  2  3  4 |
---------------+-------------+-----
Stealth        | 2 |  2.0
Dodging        | 2 |  2.2
Fighting       | 1 2 |  2.1
Conjurations   | 2 |  2.4
Shields        | 1 |  1.2
Spellcasting   | |  2.8
Fire Magic     | |  3.7

Action                   |  1- 3 |  4- 6 || total
-------------------------+-------+-------++-------
Melee: Dagger            |    48 |    35 ||    83
       Unarmed           |     1 |       ||     1
       Tailslap          |     4 |     3 ||     7
 Cast: Foxfire           |    58 |    69 ||   127
  Use: Scroll            |       |    10 ||    10
Armor: Skin              |    28 |    27 ||    55
Dodge: Dodged            |    50 |    57 ||   107
